 Dungeon Crawl Stone Soup version 0.17-a0-755-g4391640 (webtiles) character file.

634 wvc the Cudgeler (level 7, 7/74 HPs)
             Began as an Ogre Wanderer on Apr 22, 2015.
             Quit the game on level 4 of the Dungeon.
             The game lasted 00:11:18 (5286 turns).

wvc the Cudgeler (Ogre Wanderer)                    Turns: 5286, Time: 00:11:18

Health: 7/74       AC:  3    Str: 17    XL:     7   Next: 49%
Magic:  8/8        EV: 16    Int:  9    God:
Gold:   128        SH:  0    Dex: 19    Spells: 0 memorised, 8 levels left

rFire  . . .     SeeInvis .     r - +0 mace
rCold  . . .     Clarity  .     b - +0 animal skin
rNeg   . . .     SustAb   .     (no shield)
rPois  .         Gourm    .     (helmet restricted)
rElec  .         Spirit   .     (no cloak)
rCorr  .         Warding  .     (gloves unavailable)
rMut   .         Stasis   .     (boots unavailable)
MR     .....                    (no amulet)
Stlth  +++.......               (no ring)
                                (no ring)

@: agile, lethally poisoned (7 -> -5), very slightly contaminated, hasted, very
quick, not resistant to hostile enchantments, fairly stealthy
A: unfitting armour, tough skin 1
a: no special abilities


You were on level 4 of the Dungeon.
You were full.

You visited 1 branch of the dungeon, and saw 4 of its levels.

You collected 128 gold pieces.

Inventory:

Hand weapons
 a - a +3 short sword
 j - a +0 whip
 n - a +2 short sword of holy wrath
 r - a +0 mace (weapon)
Missiles
 e - 2 tomahawks (quivered)
 h - 10 poisoned needles
Armour
 b - a +0 animal skin (worn)
Jewellery
 m - an uncursed ring of sustain abilities
Magical devices
 q - a wand of slowing (14)
Scrolls
 l - a scroll of remove curse
 o - 2 scrolls of noise
Books
 c - Sif Muna's Incunabulum of the Mountains

   Spells                             Type                      Level
   a - Sandblast                      Earth                        1
   b - Passwall                       Transmutation/Earth          3
Comestibles
 f - 3 bread rations


   Skills:
 - Level 5.8 Fighting
 - Level 1.2 Short Blades
 * Level 7.3 Maces & Flails
 + Level 1.8 Throwing
 - Level 2.1 Dodging
 - Level 1.5 Stealth
   Level 1.0 Shields
 - Level 1.2 Spellcasting
   Level 1.0 Necromancy
   Level 1.0 Earth Magic
 + Level 0.2 Evocations


You had 8 spell levels left.
You didn't know any spells.

Dungeon Overview and Level Annotations

Branches:
Dungeon (4/15)
 Temple: D:4-7

Altars:
Dithmenos
Trog
Yredelemnul

Annotations:
D:4 karvarausku's ghost, average OgAM


Innate Abilities, Weirdness & Mutations

You are too large for most types of armour.
You have tough skin (AC +1).


Message History

You feel sick.
You closely miss the scorpion.
The scorpion is almost dead.
* * * LOW HITPOINT WARNING * * *
You feel sick.
The scorpion stings you but does no damage.
You sock the scorpion!
You kill the scorpion!
* * * LOW HITPOINT WARNING * * *
You feel sick.
* * * LOW HITPOINT WARNING * * *
You feel sick.
You see here a scorpion corpse.
There is a lethal amount of poison in your body!
Drink which item? (? for menu, Esc to quit)
It was a potion of agility.
You feel agile all of a sudden.
* * * LOW HITPOINT WARNING * * *
You feel sick.
Are you sure you want to abandon this character and quit the game? (Confirm with "yes".)

##### ....##### ##
###.#...############...#
###.#....(...((.@....#
..z.....##.#########.(.#
###.#####...## ## ###.#
#.....# ....# ##...##
##### ##.## # #.# ## #.#
.# )# ##'## ####...##


There were no monsters in sight!

Vanquished Creatures
  2 eyes of draining (D:3)
  A scorpion (D:4)
  3 wights (D:4)
  An orc wizard (D:4)
  2 worker ants (D:4)
  Robin (D:2)
  8 gnolls
  3 adders
  2 oozes
  2 giant geckos
  6 orcs
  12 bats
  A bat skeleton (D:4)
  8 hobgoblins
  3 jackals (D:2)
  6 kobolds
  4 giant cockroaches
  3 giant newts
  19 goblins
  8 rats
95 creatures vanquished.

Notes
Turn   | Place    | Note
--------------------------------------------------------------
     0 | D:1      | wvc, the Ogre Wanderer, began the quest for the Orb.
     0 | D:1      | wvc set off with: a +2 short sword, a scroll of teleportation, Sif Muna's Incunabulum of the Mountains, a +0 robe, a +0 dagger, a bread ration
     0 | D:1      | Reached XP level 1. HP: 19/19 MP: 2/2
     2 | D:1      | Identified Sif Muna's Incunabulum of the Mountains
   135 | D:1      | Reached XP level 2. HP: 18/28 MP: 3/3
   475 | D:1      | Reached skill level 2 in Fighting
   502 | D:1      | Reached skill level 1 in Maces & Flails
   822 | D:1      | Reached XP level 3. HP: 35/35 MP: 4/4
  1342 | D:2      | Found a shadowy altar of Dithmenos.
  1621 | D:2      | Reached XP level 4. HP: 42/44 MP: 5/5
  1645 | D:2      | Found a basalt altar of Yredelemnul.
  1712 | D:2      | Noticed Robin
  1719 | D:2      | Reached skill level 3 in Maces & Flails
  1836 | D:2      | Killed Robin
  2835 | D:3      | Found a bloodstained altar of Trog.
  2839 | D:3      | Noticed an eye of draining
  2860 | D:3      | Reached XP level 5. HP: 32/54 MP: 6/6
  3020 | D:3      | Noticed an eye of draining
  3122 | D:3      | Killed an eye of draining
  3122 | D:3      | Reached skill level 5 in Fighting
  3137 | D:3      | Killed an eye of draining
  3137 | D:3      | Reached XP level 6. HP: 63/67 MP: 0/7
  3337 | D:2      | Reached skill level 5 in Maces & Flails
  4045 | D:4      | Noticed karvarausku's ghost (average OgAM)
  4304 | D:4      | Reached skill level 6 in Maces & Flails
  4304 | D:4      | Reached skill level 1 in Throwing
  4304 | D:4      | Reached XP level 7. HP: 74/74 MP: 8/8
  4844 | D:4      | Reached skill level 7 in Maces & Flails
  5286 | D:4      | Quit the game

Action                   |  1- 3 |  4- 6 |  7- 9 || total
-------------------------+-------+-------+-------++-------
Melee: Short sword       |   118 |    67 |       ||   185
       Whip              |       |   153 |    32 ||   185
       Mace              |       |       |    46 ||    46
Throw: Tomahawk          |     3 |     4 |    12 ||    19
       Large rock        |       |    10 |     8 ||    18
Evoke: Wand              |       |       |     4 ||     4
  Use: Scroll            |     4 |     7 |     2 ||    13
       Potion            |       |     1 |     2 ||     3
 Stab: Sleeping          |     3 |     1 |     1 ||     5
       Invisible         |       |     1 |       ||     1
  Eat: Chunk             |     2 |     2 |       ||     4
       Meat ration       |       |     1 |     1 ||     2
       Fruit             |       |     5 |       ||     5
